 Dungeon Crawl Stone Soup version 0.25.0-10-g039870ee82 (webtiles) character file.

Game seed: 11869839772905787580

85 mopl the Ruffian (level 4, -1/40 HPs)
             Began as a Ghoul Monk on June 23, 2020.
             Slain by an orc warrior
             ... wielding a +0 long sword
              (22 damage)
             ... on level 1 of the Dungeon.
             The game lasted 00:02:21 (1134 turns).

mopl the Ruffian (Ghoul Monk)                       Turns: 1134, Time: 00:02:21

Health: -1/40      AC:  5    Str: 15    XL:     4   Next: 48%
Magic:  3/3        EV: 11    Int:  5    God:
Gold:   87         SH:  0    Dex: 11    Spells: 3/3 levels left

rFire    + + .     SeeInvis .     - Unarmed
rCold    + . .     Gourm    .   (no shield)
rNeg     + + +     Faith    .   c - +0 ring mail
rPois    ∞         Spirit   .   (no helmet)
rElec    .         Reflect  .   e - scarf {rC+ rF+}
rCorr    .         Harm     .   (no gloves)
MR       .....                  (no boots)
Stlth    +.........             (no amulet)
HPRegen  0.00/turn              m - ring of fire
MPRegen  0.08/turn              (no ring)

@: rotting
A: rotting body, claws 1, carnivore, cold resistance 1, negative energy
resistance 3, inhibited regeneration, torment resistance, unbreathing
a: no special abilities


You were on level 1 of the Dungeon.
You were not hungry.

You visited 1 branch of the dungeon, and saw 2 of its levels.

You collected 87 gold pieces.

Inventory:

Missiles
 l - 17 poisoned darts (quivered)
Armour
 c - a +0 ring mail (worn)
 e - a scarf of resistance (worn)
Jewellery
 m - a ring of fire (left claw)
Scrolls
 f - a scroll of amnesia {unknown}
 h - a scroll of enchant armour {unknown}
 j - a scroll of teleportation {unknown}
 n - a scroll of remove curse {unknown}
Potions
 a - a potion of curing {unknown}
 g - a potion of heal wounds
 i - a potion of brilliance {unknown}
 k - a potion of magic {unknown}
Comestibles
 b - 2 rations


   Skills:
 + Level 3.8 Fighting
 + Level 1.3 Throwing
 + Level 1.3 Armour
 - Level 2.6 Dodging
 - Level 2.1 Stealth
 * Level 4.3 Unarmed Combat


You had 3 spell levels left.
You didn't know any spells.
Your spell library was empty.

Dungeon Overview and Level Annotations

Branches:
Dungeon (2/15)

Altars:
Xom


Innate Abilities, Weirdness & Mutations

Your body is rotting away.
You thrive on raw meat.
You are immune to poison.
You have sharp fingernails.
You are carnivorous and can eat meat at any time.
Your flesh is cold resistant. (rC+)
You are immune to negative energy. (rN+++)
You do not regenerate when monsters are visible.
You are immune to unholy pain and torment.
You can survive without breathing.


Message History

Eat one of 2 chunks of flesh? (ye/n/q)
You eat one of the 2 chunks of flesh.
This raw flesh tastes great!
The orc warrior hits you with a +0 long sword!
Eat a chunk of flesh? (ye/n/q)
You eat the chunk of flesh.
This raw flesh tastes great!
The orc warrior hits you but does no damage.
You closely miss the orc warrior.
The orc warrior is lightly wounded.
The orc warrior hits you with a +0 long sword!
You scratch the orc warrior but do no damage.
The orc warrior is lightly wounded.
You scratch the orc warrior.
The orc warrior is moderately wounded.
The orc warrior completely misses you.
You scratch the orc warrior but do no damage.
The orc warrior is moderately wounded.
The orc warrior looks more healthy.
The orc warrior hits you with a +0 long sword!!
Ouch! That really hurt!
You die...

##########
.........##
#.........#
#.........#
#.........#
########'#######
...............###
...............o@#
#....#########.###
#.##+#########.#
............##.#
#...).......##.#
#.÷.........##.#
#.#..#########.#
.....#########.#
#####..........#


You could see an orc warrior.

Vanquished Creatures
  3 adders (D:2)
  2 oozes
  4 leopard geckos
  An orc (D:1)
  A giant cockroach (D:1)
  5 hobgoblins
  A ball python (D:2)
  6 bats
  5 frilled lizards
  8 goblins
  5 kobolds
  5 rats
46 creatures vanquished.

Vanquished Creatures (others)
  5 toadstools (D:1)
5 creatures vanquished.

Grand Total: 51 creatures vanquished

Notes
Turn   | Place    | Note
-------+----------+-------------------------------------------
     0 | D:1      | mopl the Ghoul Monk began the quest for the Orb.
     0 | D:1      | Reached XP level 1. HP: 19/19 MP: 0/0
   117 | D:1      | Reached XP level 2. HP: 22/26 MP: 1/1
   424 | D:1      | Reached XP level 3. HP: 31/31 MP: 2/2
   496 | D:1      | Reached skill level 1 in Armour
   734 | D:2      | Reached skill level 1 in Throwing
   734 | D:2      | Reached skill level 4 in Unarmed Combat
   830 | D:2      | Reached XP level 4. HP: 40/40 MP: 3/3
   929 | D:2      | Noticed an orc warrior
  1058 | D:2      | Found a shimmering altar of Xom.
  1134 | D:1      | Slain by an orc warrior

Illustrated notes

Levels and vault maps discovered:
D:1:      ldierk_walled_garden, layout_basic, interstate_on_off
D:2:      layout_basic, gammafunk_temple_overflow_wave, grunt_decor_cap,
          xom_teletrap_fun

Skill      XL: |  1  2  3 |
---------------+----------+-----
Armour         | 1 |  1.3
Throwing       | 1 |  1.3
Unarmed Combat | 4 |  4.3
Fighting       | |  3.8
Dodging        | |  2.6
Stealth        | |  2.1

Action                   |  1- 3 |  4- 6 || total
-------------------------+-------+-------++-------
Melee: Unarmed           |   117 |    50 ||   167
Throw: Dart              |       |     4 ||     4
  Use: Potion            |       |     1 ||     1
 Stab: Sleeping          |     1 |       ||     1
  Eat: Chunk             |     5 |     9 ||    14
Armor: Ring mail         |    47 |    14 ||    61
Dodge: Dodged            |    95 |    25 ||   120
